Map: Amygdala

Players

VladislavD

  • Race: Zerg Zerg
  • League: Silver
  • Spawn Location: 7:00

StonedJeezus - Winner!

  • Race: Protoss Protoss
  • League: Master
  • Spawn Location: 1:00

VOD

https://www.youtube.com/watch?v=-xvgjPU-Dkg

Description

Time

  • Played on: March 12, 2025, 10:29 p.m.
  • Length: 12:19
Show
View Real Time Build Order
Export as new Build Order

VladislavD Zerg 

Build Orders: Hatch First 

Get SALT Encoding   

  12  0:01  Drone  
  13  0:13  Overlord  
  13  0:18  Drone  
  14  0:32  Drone x2  
  16  0:35  Drone  
  17  0:47  Drone  
  18  0:56  Hatchery  
  17  0:58  Drone  
  17  1:00  Extractor  
  17  1:11  Drone  
  18  1:18  Spawning Pool  
  18  1:20  Drone  
  18  1:29  Drone  
  19  1:40  Drone  
  20  1:52  Overlord  
  20  2:02  Drone  
  21  2:09  Drone, Queen x2  
  21  2:12  Metabolic Boost  
  26  2:19  Zergling x2  
  26  2:20  Zergling x2  
  28  2:23  Drone  
  29  2:30  Drone  
  29  2:34  Drone  
  31  2:40  Drone  
  32  2:44  Drone  
  33  2:51  Lair  
  33  2:52  Queen  
  33  2:55  Overlord  
  35  2:59  Overlord  
  35  3:10  Drone  
  36  3:22  Drone x5  
  36  3:23  Drone  
  42  3:36  Queen  
  42  3:38  Zergling x4  
  42  3:39  Hatchery  
  45  4:16  Overlord x4  
  45  4:23  Drone x2  
  47  4:44  Zergling x2  
  47  4:45  Zergling x6  
  51  4:57  Hatchery  
  51  4:58  Hatchery  
  51  4:59  Hatchery  
  48  5:07  Overlord x2  
  48  5:10  Zergling x6  
  51  5:28  Queen  
  53  5:37  Zergling x6  
  56  5:57  Evolution Chamber  
  56  6:01  Zergling x6  
  56  6:02  Evolution Chamber  
  57  6:05  Queen  
  57  6:22  Zergling x4  
  57  6:23  Zergling x16  
  66  6:31  Queen x2  
  66  6:32  Queen  
  72  6:35  Zergling x8  
  76  6:47  Hatchery, Zergling x2  
  76  6:48  Zergling x18  
  76  6:49  Hatchery  
  76  6:50  Hatchery  
  83  6:56  Queen  
  84  7:06  Zergling x10  
  84  7:07  Zergling x4  
  62  7:19  Zergling x16  
  62  7:20  Zergling x2  
  71  7:36  Zergling x16  
  56  7:54  Zerg Melee Weapons Level 1  
  56  7:57  Zergling x2  
  56  7:58  Zergling x10  
  55  8:19  Zergling x2  
  52  8:20  Zergling x18  
  39  8:41  Zergling x2  
  39  8:42  Zergling x16  
  46  8:53  Zergling x2  
  46  8:54  Zergling x8  
Show
View Real Time Build Order
Export as new Build Order

StonedJeezus Protoss - Winner!

Build Orders: Zealot Archon 

Get SALT Encoding   

  1  0:00  Probe  
  12  0:05  Probe  
  14  0:21  Pylon  
  14  0:30  Probe  
  15  0:42  Gateway  
  15  0:45  Pylon  
  15  0:49  Assimilator  
  15  0:51  Probe  
  16  1:02  Probe  
  16  1:10  Probe  
  18  1:31  Cybernetics Core  
  18  1:34  Pylon  
  18  1:36  Zealot  
  20  1:43  Assimilator  
  20  1:46  Pylon  
  20  2:01  Probe  
  21  2:12  Twilight Council  
  21  2:13  Probe  
  22  2:16  Warp Gate  
  22  2:18  Pylon  
  22  2:22  Pylon  
  22  2:30  Zealot  
  22  2:34  Probe  
  25  2:46  Probe  
  26  2:55  Templar Archives  
  26  2:57  Pylon  
  26  3:04  Adept  
  28  3:18  Gateway  
  28  3:25  Probe  
  29  3:28  Gateway  
  29  3:31  Psionic Storm  
  31  4:04  Gateway  
  29  4:32  Gateway  
  29  4:38  Gateway, Stalker x3  
  35  5:09  Zealot x3  
  41  5:27  High Templar  
  43  5:29  High Templar  
  43  5:33  Zealot x3  
  51  6:30  Zealot x2  
  51  6:31  Zealot x3  
  61  6:48  Pylon  
  61  6:54  Nexus  
  61  6:56  Pylon  
  61  7:01  Assimilator  
  61  7:04  Assimilator  
  51  7:15  Archon  
  51  7:21  High Templar x4  
  59  7:27  Zealot  
  59  7:53  Stalker  
  59  7:54  Stalker x4  
  59  8:42  Archon x2  
  59  8:45  Zealot x4  
  59  8:46  Zealot  
  59  9:25  High Templar x4  
  59  9:28  Zealot  
  59  10:17  Zealot x5  
  59  10:39  Stalker x4  
  59  10:40  Stalker  
  59  11:35  Stalker x4  
  59  11:36  Stalker  
  59  11:40  Probe  
  59  11:48  Probe  
Tags
 
Composition
Zealot Archon
Matchup
PvZ
Spawn Locations
Cross Positions
Add a new tag
Caveats
  • Supply blocks, unpowered buildings, or Contaminate may cause inaccurate times.
  • Supply counts are checked every 10 seconds.